 Dungeon Crawl Stone Soup version 0.30-a0-1035-g38d5fb2972 (webtiles) character file.

Game seed: 820051343009025165

116 DeathPants the Stinger (level 5, -5/42 HPs)
             Began as a Naga Venom Mage on Apr 8, 2023.
             Killed by divine providence
             ... invoked by an orc priest
              (13 damage)
             ... on level 3 of the Dungeon.
             The game lasted 00:06:58 (2508 turns).

DeathPants the Stinger (Naga Venom Mage)            Turns: 2508, Time: 00:06:59

Health: -5/42      AC:  3    Str: 11    XL:     5   Next: 0%
Magic:  2/8        EV:  9    Int: 17    God:
Gold:   150        SH:  0    Dex: 11    Spells: 2/8 levels left

rFire   . . .      SeeInvis +    h - +0 short sword
rCold   . . .      Faith    .    (no shield)
rNeg    . . .      Spirit   .    n - +0 robe
rPois   +          Reflect  .    l - +0 helmet
rElec   .          Rampage  .    (no cloak)
rCorr   .                        (no gloves)
Will    .....                    (no barding)
Stlth   ++                       (no amulet)
HPRegen 0.27/turn                (no ring)
MPRegen 0.11/turn                (no ring)

@: very slow
A: AC +1, large, see invisible, deformed body, poison resistance, slowness 2,
spit poison 1, naga tail 1
a: Spit Poison


You were on level 3 of the Dungeon.
You visited 1 branch of the dungeon, and saw 4 of its levels.

You collected 150 gold pieces.

Inventory:

Hand Weapons
 e - a +0 whip
 h - a +0 short sword (weapon)
 o - a +1 mace of holy wrath
Missiles
 a - 2 poisoned darts
Armour
 l - a +0 helmet (worn)
 n - a +0 robe (worn)
Jewellery
 r - a ring of ice
Scrolls
 d - a scroll of teleportation
 i - a scroll of blinking {unknown}
 j - a scroll of fog
Potions
 b - a potion of magic
 c - a potion of brilliance {unknown}
 f - a potion of lignification
 g - a potion of mutation {unknown}
 k - a potion of curing
 m - a potion of heal wounds {unknown}
 p - a potion of resistance {unknown}
 q - a potion of degeneration {unknown}


   Skills:
 - Level 1.5 Dodging
 - Level 3.0 Stealth
 - Level 2.0 Spellcasting
 - Level 1.0 Transmutations
 + Level 2.9 Air Magic
 - Level 6.0 Poison Magic


You had 2 spell levels left.
You knew the following spells:

 Your Spells              Type           Power      Damage    Failure   Level
a - Sting                 Tmut/Pois      52%        1d5       4%          1
b - Poisonous Vapours     Pois/Air       32%        N/A       4%          2
c - Mephitic Cloud        Conj/Pois/Air  11%        N/A       17%         3

Your spell library contained the following spells:

 Spells                   Type           Power      Damage    Failure   Level
 Olgreb's Toxic Radiance  Pois           22%        N/A       16%         4


Dungeon Overview and Level Annotations

Branches:
Dungeon (4/15)
 Temple: D:4-7

Altars:


Innate Abilities, Weirdness & Mutations

Your serpentine skin is tough. (AC +1)
You have supernaturally acute eyesight. (SInv)
Armour fits poorly on your strangely shaped body.
Your system is resistant to poisons. (rPois)
You cover ground very slowly.
You can spit poison.
You have a snake-like lower body.


Message History

The orc wizard is almost dead.
You kill the orc wizard!
Aiming: Sting (safe; 4% risk of failure)
Press: ? - help, Q - select action, (/) - cycle Shift-Dir - straight line, f - orc
Aim: an orc, wielding a +0 flail and wearing a +0 ring mail (75% to hit)
The sting misses the orc.
The sting hits the orc priest.
The orc priest is poisoned.
The orc priest is moderately wounded.
The orc closely misses you.
Aiming: Sting (safe; 4% risk of failure)
Press: ? - help, Q - select action, (/) - cycle Shift-Dir - straight line, f/p - orc
Aim: an orc, wielding a +0 flail and wearing a +0 ring mail (75% to hit)
The sting hits the orc but does no damage.
The orc is poisoned.
The orc completely misses you.
You hit the orc.
The orc is moderately wounded.
The orc hits you with a +0 flail!
* * * LOW HITPOINT WARNING * * *
It was a potion of curing.
You feel better. The orc barely misses you.
You barely miss the orc.
The orc is heavily wounded.
The orc hits you with a +0 flail.
* * * LOW HITPOINT WARNING * * *
Aiming: Sting (safe; 4% risk of failure)
Press: ? - help, Q - select action, (/) - cycle Shift-Dir - straight line, f/p - orc
Aim: an orc, wielding a +0 flail and wearing a +0 ring mail (severely wounded, poisoned, 75% to hit)
The sting hits the orc.
The orc looks even sicker.
You kill the orc!
The orc priest looks more healthy.
You have reached level 5!
Aiming: Sting (safe; 4% risk of failure)
Press: ? - help, Q - select action, (/) - cycle Shift-Dir - straight line, f - orc priest
Aim: an orc priest, wielding a +0 dagger (severely wounded, 71% to hit)
The sting hits the orc priest but does no damage.
The orc priest is poisoned.
The orc priest is severely wounded.
The orc priest mumbles some strange prayers to Beogh against you.
Beogh smites you!
You die...

#.....†..#
#........# #.#
#........# #.#
##.####### #.#
###..# #.# ....##
#.# ##### #.# #o#
#@# ### #.# ..#
#.# #.# #.# #.#
#.# #.# #.# #.#
#.# #######.# #.#
...^....########.#


You could see an orc priest (poisoned).

Vanquished Creatures
  An orc wizard (D:3)
  5 adders
  A worm (D:2)
  2 dart slugs
  3 orcs
  3 bats (D:1)
  3 endoplasms
  3 goblins
  A hobgoblin (D:1)
  2 jackals (D:3)
  A quokka (D:1)
  6 ball pythons
  5 frilled lizards
  A kobold (D:1)
  4 rats
41 creatures vanquished.

Notes
Turn   | Place    | Note
-------+----------+-------------------------------------------
     0 | D:1      | DeathPants the Naga Venom Mage began the quest for the Orb.
     0 | D:1      | Reached XP level 1. HP: 15/15 MP: 3/3
   414 | D:1      | Reached XP level 2. HP: 16/22 MP: 1/5
   417 | D:1      | Learned a level 2 spell: Poisonous Vapours
   748 | D:1      | Reached skill level 5 in Poison Magic
   887 | D:2      | Found a faded altar of an unknown god.
  1341 | D:2      | Reached XP level 3. HP: 28/28 MP: 1/6
  1493 | D:2      | Learned a level 3 spell: Mephitic Cloud
  1535 | D:2      | Reached skill level 6 in Poison Magic
  1660 | D:2      | Reached skill level 1 in Air Magic
  1785 | D:2      | Reached XP level 4. HP: 36/36 MP: 7/7
  2508 | D:3      | Reached XP level 5. HP: 8/42 MP: 3/8
  2508 | D:3      | Killed from afar by an orc priest

Illustrated notes

Levels and vault maps discovered:
D:1:      ncdulo_smallfort, layout_loops_cross
D:2:      layout_basic, shapermc_ecumenical_altar_venn
D:3:      layout_basic, serial_corexii_hall, corexii_hall_statues_i,
          chequers_hall_statues_corner_a
D:4:      layout_basic, nicolae_ossuary_entry_ruins, uniq_pikel

Skill      XL: |  1  2  3  4 |
---------------+-------------+-----
Poison Magic   | 5 6 |  6.0
Air Magic      | 1 2 |  2.9
Dodging        | |  1.5
Stealth        | |  3.0
Spellcasting   | |  2.0
Transmutations | |  1.0

Action                     |  1- 3 |  4- 6 || total
---------------------------+-------+-------++-------
  Melee: Whip              |     3 |       ||     3
         Short sword       |    24 |    44 ||    68
   Cast: Sting             |    51 |    18 ||    69
Ability: Spit Poison       |     2 |     1 ||     3
    Use: Scroll            |       |     5 ||     5
         Potion            |       |     1 ||     1
   Stab: Sleeping          |     2 |       ||     2
 Armour: Robe              |     9 |    15 ||    24
  Dodge: Dodged            |    24 |    28 ||    52

Table legend: (Time is in decaauts)
 A = Elapsed time spent in this place.
 B = Non-inter-level travel time spent in this place.
 C = Inter-level travel time spent in this place.
 D = Time resting spent in this place.
 E = Time spent auto-exploring this place.
 F = Levels seen in this place.
 G = Mean time per level.
                   A        B        C        D        E       F      G
               +--------+--------+--------+--------+--------+-----+--------+
         Total |   3036 |   2968 |     68 |    279 |   1969 |   4 |  759.0 |
       Dungeon |   3036 |   2968 |     68 |    279 |   1969 |   4 |  759.0 |
               +--------+--------+--------+--------+--------+-----+--------+

Top non-repeatable levels by time:
     D:1: 1208 daAuts
     D:2: 1047 daAuts
     D:3: 763 daAuts
     D:4: 16 daAuts
